 Dungeon Sprint DCSS version 0.27.1-33-g824d729ab1 (webtiles) character file.

Game seed: 12597512372890036620

261 Adenis the Unseen (level 5, 0/37 HPs)
             Began as a Vampire Brigand on Dec 4, 2021.
             Splashed by a jelly's acid (7 damage)
             ... in the Dungeon (Sprint I: "Red Sonja").
             The game lasted 00:00:53 (81 turns).

Adenis the Unseen (Vampire Brigand)                   Turns: 81, Time: 00:00:54

Health: 0/37       AC: -5    Str: 10    XL:     5   Next: 96%
Magic:  5/5        EV: 12    Int: 13    God:
Gold:   162        SH:  0    Dex: 17    Spells: 4/4 levels left

rFire    . . .     SeeInvis +   a - +2 dagger
rCold    . . .     Faith    .   (no shield)
rNeg     . . .     Spirit   .   b - +0 robe
rPois    .         Reflect  .   (no helmet)
rElec    .         Harm     .   c - +0 cloak
rCorr    .         Rampage  .   (no gloves)
Will     .....     NoTele   +   (no boots)
Stlth    ++++++....             (no amulet)
HPRegen  0.32/turn              (no ring)
MPRegen  0.09/turn              (no ring)

@: corroded, healing quickly
A: alive, fangs 3, see invisible, vampiric 2, [frail 1]
a: Exsanguinate


You were in the Dungeon.
You visited 1 branch You collected 162 gold pieces.

Inventory:

Hand Weapons
 a - a +2 dagger (weapon)
Missiles
 d - 8 poisoned darts (quivered)
 e - 2 curare-tipped darts
Armour
 b - a +0 robe (worn)
 c - a +0 cloak (worn)
Scrolls
 k - a scroll of blinking
Potions
 f - a potion of curing
 g - a potion of heal wounds
 h - a potion of haste
 i - 2 potions of magic
 j - a potion of berserk rage
 l - a potion of lignification {unknown}


   Skills:
 + Level 3.7 Fighting
 + Level 5.0 Short Blades
 + Level 3.3 Throwing
 + Level 2.1 Dodging
 + Level 15.7 Stealth


You had 4 spell levels left.
You didn't know any spells.
Your spell library was empty.

Dungeon Overview and Level Annotations

Branches:
Dungeon (1/1)

Altars:
Sif Muna
Vehumet
Wu Jian


Innate Abilities, Weirdness & Mutations

Your natural rate of healing is accelerated.
You have razor-sharp teeth.
You have supernaturally acute eyesight. (SInv)
You are afflicted with vampirism and can become a bat while bloodless.
[You are frail. (-10% HP)]


Message History

There is an open door here.
You now have 81 gold pieces (gained 27).
You now have 108 gold pieces (gained 27).
You now have 135 gold pieces (gained 27).
You now have 162 gold pieces (gained 27).
You open the door.
Found a leather armour and 19 gold pieces.
Found two altars.
A jelly comes into view.
There is an open door here.
Found a radiant altar of Vehumet.
You see here a +0 leather armour.
You see here 19 gold pieces.
There is an ornate altar of the Wu Jian Council here.
The jelly quivers.
The jelly barely misses you. The jelly hits you but does no damage.
You hit the jelly.
Your hands burn!
The jelly is lightly wounded.
You hit the jelly.
Your hands burn!
The jelly is moderately wounded.
The jelly barely misses you.
You hit the jelly.
Your hands burn!
The jelly is heavily wounded.
The jelly hits you. The acid corrodes you!
You are splashed with acid!
You hit the jelly.
Your hands burn!
The jelly is severely wounded.
The jelly hits you. The acid corrodes you!
You are splashed with acid.
* * * LOW HITPOINT WARNING * * *
The jelly misses you.
You begin bloodletting.
You continue bloodletting.
The jelly closely misses you.
You continue bloodletting.
The jelly hits you.
Keep bloodletting? [Y]es or [N]o only, please.
Keep bloodletting?
* * * LOW HITPOINT WARNING * * *
You are splashed with acid!
You die...

################
#<.#.)'..#.)'..#
#..'..#.)'..#..+
#..#####'#####'#
#..# #..# #[#
#..# #### ##$#
#..# #+#_.+ #⌠⌠#
+.@._# ####
#_J#+# ##+#


You could see a jelly.

Vanquished Creatures
  Sigmund (D)
  An ogre (D)
  Ijyb (D)
3 creatures vanquished.

Notes
Turn   | Place    | Note
-------+----------+-------------------------------------------
     0 | D        | Adenis the Vampire Brigand began the quest for the Orb.
     0 | D        | Reached XP level 1. HP: 16/16 MP: 1/1
     2 | D        | Noticed Ijyb
    10 | D        | Killed Ijyb
    11 | D        | Reached skill level 9 in Stealth
    11 | D        | Reached XP level 2. HP: 22/22 MP: 2/2
    13 | D        | Noticed an ogre
    17 | D        | Killed an ogre
    18 | D        | Reached skill level 12 in Stealth
    18 | D        | Gained mutation: You are afflicted with vampirism and can
                  | become a bat while bloodless. [Vampire growth]
    18 | D        | Reached XP level 3. HP: 29/29 MP: 3/3
    18 | D        | Reached XP level 4. HP: 35/35 MP: 4/4
    19 | D        | Noticed Sigmund
    23 | D        | Killed Sigmund
    24 | D        | Reached skill level 5 in Short Blades
    24 | D        | Reached skill level 15 in Stealth
    24 | D        | Reached XP level 5. HP: 42/42 MP: 5/5
    67 | D        | Found an ornate altar of the Wu Jian Council.
    67 | D        | Found a shimmering blue altar of Sif Muna.
    69 | D        | Found a radiant altar of Vehumet.
    81 | D        | Splashed by a jelly's acid

Illustrated notes

Levels and vault maps discovered:
D:        dungeon_sprint_1 [red_sonja_temple_1, red_sonja_temple_small_1]

Skill      XL: |  1  2  3  4 |
---------------+-------------+-----
Fighting       | 2 3 |  3.7
Short Blades   | 3 4 5 |  5.0
Throwing       | 2 3 |  3.3
Stealth        | 9 12 15 | 15.7
Dodging        | 2 |  2.1

Action                   |  1- 3 |  4- 6 || total
-------------------------+-------+-------++-------
Melee: Dagger            |     6 |     5 ||    11
 Abil: Exsanguinate      |       |     2 ||     2
       Revivify          |       |     1 ||     1
 Stab: Sleeping          |     2 |     1 ||     3
Armor: Robe              |     1 |     1 ||     2
Dodge: Dodged            |     2 |     4 ||     6
